 Dungeon Sprint DCSS version 0.30-a0-948-g4fa250aae5 (webtiles) character file.

Game seed: 3086153748965304003

2 fozzywoppz the Stinger (level 1, -2/11 HPs)
             Began as an Octopode Venom Mage on Mar 27, 2023.
             Frozen to death by an endoplasm (5 damage)
             ... in the Dungeon (Sprint IX: "|||||||||||||||||||||||||||||").
             The game lasted 00:01:07 (18 turns).

fozzywoppz the Stinger (Octopode Venom Mage)          Turns: 18, Time: 00:01:07

Health: -2/11      AC:  1    Str:  7    XL:     1   Next: 40%
Magic:  0/3        EV: 13    Int: 17    God:
Gold:   0          SH:  0    Dex: 12    Spells: 3/4 levels left

rFire   . . .      SeeInvis .    (no weapon)
rCold   . . .      Faith    .    (no shield)
rNeg    . . .      Spirit   .    (helmet restricted)
rPois   .          Reflect  .    (no amulet)
rElec   .          Rampage  .    (no ring)
rCorr   .          NoTele   +    (no ring)
Will    .....                    (no ring)
Stlth   +++                      (no ring)
HPRegen 0.21/turn                (no ring)
MPRegen 0.08/turn                (no ring)
                                 (no ring)
                                 (no ring)

@: no status effects
A: almost no armour, amphibious, 8 rings, camouflage 1, gelatinous body 1,
(nimble swimmer 1), tentacles
a: no special abilities


You were in the Dungeon.
You visited 1 branch

Inventory:

Scrolls
 f - a scroll of blinking
Potions
 a - 3 potions of magic
 b - a potion of curing
 c - a potion of heal wounds
 d - a potion of haste
 e - a potion of berserk rage


   Skills:
 + Level 2.3 Dodging
 + Level 3.2 Stealth
 + Level 2.2 Spellcasting
 + Level 1.5 Transmutations
 + Level 3.9 Poison Magic


You had 3 spell levels left.
You knew the following spells:

 Your Spells              Type           Power      Damage    Failure   Level
a - Sting                 Tmut/Pois      44%        1d5       6%          1

Your spell library contained the following spells:

 Spells                   Type           Power      Damage    Failure   Level
 Poisonous Vapours        Pois/Air       16%        N/A       13%         2
 Mephitic Cloud           Conj/Pois/Air  6%         N/A       32%         3
 Olgreb's Toxic Radiance  Pois           15%        N/A       36%         4


Dungeon Overview and Level Annotations

Branches:
Dungeon (1/1)

Altars:


Innate Abilities, Weirdness & Mutations

You cannot wear most types of armour.
You are amphibious.
You can wear up to eight rings at the same time.
Your skin changes colour to match your surroundings (Stealth+).
Your rubbery body absorbs attacks. (AC +1, EV +1)
((You are camouflaged when in or above water. (Stealth+)))
You have tentacles for arms and can constrict up to eight enemies at once.


Message History

The jackal barely misses you.
You closely miss the jackal. You grab the jackal. You constrict the jackal.
The jackal misses you.
Your magical contamination has completely faded away.
Casting: Sting (safe; 7% risk of failure)
Confirm with . or Enter, or press ? or * to list all spells.
You don't have enough magic to cast this spell.
You constrict the jackal, but do no damage.
The jackal closely misses you. The jackal bites you.
* * * LOW HITPOINT WARNING * * *
You tentacle-slap the jackal but do no damage.
The jackal is lightly wounded.
You constrict the jackal, but do no damage.
The jackal bites you.
* * * LOW HITPOINT WARNING * * *
Casting: Sting (safe; 7% risk of failure)
Confirm with . or Enter, or press ? or * to list all spells.
You don't have enough magic to cast this spell.
Unknown command.
You tentacle-slap the jackal but do no damage.
The jackal is lightly wounded.
You constrict the jackal. The jackal completely misses you.
The jackal misses you.
You barely miss the jackal. You squeeze the jackal.
You kill the jackal!
You tentacle-slap the endoplasm.
You squeeze the endoplasm, but do no damage.
The endoplasm is moderately wounded.
The endoplasm closely misses you.
Casting: Sting (safe; 6% risk of failure)
Confirm with . or Enter, or press ? or * to list all spells.
Aiming: Sting (safe; 6% risk of failure)
Press: ? - help, Shift-Dir - straight line, f/p - endoplasm
Aim: an endoplasm (moderately wounded, 98% to hit)
The sting hits the endoplasm.
The endoplasm partially resists.
The endoplasm is poisoned.
The endoplasm is heavily wounded.
The endoplasm freezes you.
You are frozen.
You die...

▓▓▓
▓<▓
▓.▓
▓.▓
▓@▓
▓J▓
▓B▓
▓)▓
▓.▓
▓.▓
▓.▓
▓+▓


You could see an endoplasm (poisoned) and a giant cockroach.

Vanquished Creatures
  A jackal (D)
  A kobold (D)
  A rat (D)
3 creatures vanquished.

Notes
Turn   | Place    | Note
-------+----------+-------------------------------------------
     0 | D        | fozzywoppz the Octopode Venom Mage began the quest for the
                  | Orb.
     0 | D        | Reached XP level 1. HP: 11/11 MP: 3/3
    18 | D        | Frozen to death by an endoplasm

Illustrated notes

Levels and vault maps discovered:
D:        linesprint [early_d, line_temple, items_1, d_10, items_2, lair_1,
          lair_end, items_3, orc_1, orc_end, items_4, d_15, swamp_1, shoals_1,
          snake_1, spider_1, d_20, vaults_1, items_5, swamp_end, shoals_end,
          snake_end, spider_end, vaults_end, d_27, items_6, zot_1, zot_end,
          crypt_end, forest_end, elf_end, slime_end, tomb_end, abyss_end,
          pan_hell_end]

Skill      XL: |  1 |
---------------+----+-----
Stealth        | 3 |  3.2
Dodging        | |  2.3
Spellcasting   | |  2.2
Transmutations | |  1.5
Poison Magic   | |  3.9

Action                     || total
---------------------------++-------
  Melee: Unarmed           ||     8
         Tentacles         ||     2
         Constrict         ||     1
   Cast: Sting             ||     3
  Dodge: Dodged            ||     8

Table legend: (Time is in decaauts)
 A = Elapsed time spent in this place.
 B = Non-inter-level travel time spent in this place.
 C = Inter-level travel time spent in this place.
 D = Time resting spent in this place.
 E = Time spent auto-exploring this place.
 F = Levels seen in this place.
 G = Mean time per level.
                   A        B        C        D        E       F      G
               +--------+--------+--------+--------+--------+-----+--------+
         Total |     18 |     18 |      0 |      0 |      0 |   1 |   18.0 |
       Dungeon |     18 |     18 |      0 |      0 |      0 |   1 |   18.0 |
               +--------+--------+--------+--------+--------+-----+--------+

Top non-repeatable levels by time:
       D: 18 daAuts
